 Dungeon Crawl Stone Soup version 0.30-a0-121-gb27577e5d9 (webtiles) character file.

Game seed: 17012969430838408656

222 AarnesTheHuman the Digger (level 5, 0/28 HPs)
             Began as a Gargoyle Earth Elementalist on Sept 14, 2022.
             Killed from afar by Natasha (9 damage)
             ... with a bolt of light
             ... on level 3 of the Dungeon.
             The game lasted 00:13:33 (2670 turns).

AarnesTheHuman the Digger (GrEE)                    Turns: 2670, Time: 00:13:34

Health: 0/28       AC: 11    Str: 11    XL:     5   Next: 99%
Magic:  1/9        EV: 11    Int: 18    God:
Gold:   146        SH:  0    Dex: 10    Spells: 5/9 levels left

rFire   . . .      SeeInvis .    a - +0 whip
rCold   . . .      Faith    .    (no shield)
rNeg    + . .      Spirit   .    e - +0 leather armour
rPois   ∞          Reflect  .    s - +2 helmet
rElec   +          Harm     .    m - +0 cloak
rCorr   .          Rampage  .    (no gloves)
Will    .....                    (no boots)
Stlth   ++........               (no amulet)
HPRegen 0.09/turn                (no ring)
MPRegen 0.11/turn                (no ring)

@: no status effects
A: sickness immunity, AC +4, negative energy resistance 1, electricity
resistance, torment resistance 1, petrification resistance
a: no special abilities


You were on level 3 of the Dungeon.
You visited 1 branch of the dungeon, and saw 3 of its levels.

You collected 146 gold pieces.

Inventory:

Hand Weapons
 a - a +0 whip (weapon)
 b - a +1 vorpal falchion
 d - a +0 mace
Missiles
 h - 13 poisoned darts
 q - 6 stones (quivered)
Armour
 e - a +0 leather armour (worn)
 i - a +0 robe
 m - a +0 cloak (worn)
 s - a +2 helmet (worn)
Scrolls
 f - 3 scrolls of identify {unknown}
 k - a scroll of enchant weapon {unknown}
 l - a scroll of blinking {unknown}
Potions
 c - 2 potions of degeneration {unknown}
 g - a potion of curing {unknown}
 j - a potion of cancellation {unknown}
 n - 3 potions of attraction {unknown}
 o - a potion of heal wounds {unknown}
 p - a potion of magic
 r - a potion of lignification {unknown}
 t - a potion of flight {unknown}


   Skills:
 - Level 1.5 Dodging
 - Level 2.1 Stealth
 - Level 2.7 Spellcasting
 - Level 4.0 Conjurations
 - Level 0.7 Transmutations
 + Level 5.6 Earth Magic


You had 5 spell levels left.
You knew the following spells:

 Your Spells              Type           Power      Damage    Failure   Level
a - Sandblast             Erth           44%        2d11      2%          1
b - Stone Arrow           Conj/Erth      38%        3d9       9%          3

Your spell library contained the following spells:

 Spells                   Type           Power      Damage    Failure   Level
 Passwall                 Tmut/Erth      10%        N/A       9%          2
 Petrify                  Tmut/Erth      13%        N/A       52%         4


Dungeon Overview and Level Annotations

Branches:
Dungeon (3/15)

Altars:

Shops:
D:1 [

Annotations:
D:2 exclusion: door, Jessica
D:3 Natasha


Innate Abilities, Weirdness & Mutations

You are immune to sickness and miasma.
Your stone body is resilient. (AC +4)
You are immune to poison.
You resist negative energy. (rN+)
You are resistant to electric shocks. (rElec)
You are resistant to unholy torment.
You are immune to petrification.


Message History

Ijyb attacks as you move away! Ijyb hits you but does no damage.
Casting: Sandblast (safe; 2% risk of failure)
Confirm with . or Enter, or press ? or * to list all spells.
Aiming: Sandblast (safe; 2% risk of failure)
Press: ? - help, Shift-Dir - straight line, f/p - Ijyb
Aim: Ijyb, wielding a +0 dagger, wearing a +0 scale mail and carrying a wand of light (5) (heavily wounded, 81% to hit)
The blast of sand hits Ijyb!
Ijyb is almost dead.
Ijyb hits you with a +0 dagger. x2
* * * LOW HITPOINT WARNING * * *
Casting: Sandblast (safe; 2% risk of failure)
Confirm with . or Enter, or press ? or * to list all spells.
Aiming: Sandblast (safe; 2% risk of failure)
Press: ? - help, Shift-Dir - straight line, f/p - Ijyb
Aim: Ijyb, wielding a +0 dagger, wearing a +0 scale mail and carrying a wand of light (5) (almost dead, 81% to hit)
The blast of sand hits Ijyb!
You kill Ijyb!
The orc barely misses you.
Training target 4.0 for Conjurations reached!
Your Conjurations skill increases to level 4!
Casting: Sandblast (safe; 2% risk of failure)
Confirm with . or Enter, or press ? or * to list all spells.
Aiming: Sandblast (safe; 2% risk of failure)
Press: ? - help, Shift-Dir - straight line, f - orc
Aim: an orc, wielding a +0 flail (83% to hit)
The blast of sand hits the orc!
You kill the orc!
Natasha, Servant of Life and Death comes into view.
She is carrying a wand of light (7).
Natasha hisses angrily.
Casting: Sandblast (safe; 2% risk of failure)
Confirm with . or Enter, or press ? or * to list all spells.
Aiming: Sandblast (safe; 2% risk of failure)
Press: ? - help, Shift-Dir - straight line, f - Natasha
Aim: Natasha, carrying a wand of light (7) (79% to hit)
The blast of sand hits Natasha!
Natasha is almost dead.
Natasha wildly gestures.
You feel disoriented.
Natasha zaps a wand.
The bolt of light hits you!
You die...

##..'...# ###########
####÷..# #...# #..)##
#....#####
#########........#
.................#
###
.................###
#..
......†......#.h@..##
#..
.............#####..#
#########..
.............# ##.#
#..).......
.............#
#.###..))((...P
.............#
#..))..###.~.P.
.............#
####...#.....~P
.............#
#...#.......
.............#
#...###.P⌠.P
.............#
#####_.~.~..


You could see Natasha.

Vanquished Creatures
  Ijyb (D:3)
  Terence (D:2)
  Natasha (twice) (D:3)
  Robin (D:3)
  3 adders
  A worm (D:2)
  4 dart slugs
  4 orcs (D:3)
  4 endoplasms
  3 giant cockroaches
  8 goblins
  6 hobgoblins
  4 jackals (D:1)
  5 quokkas
  6 ball pythons
  5 bats
  2 frilled lizards (D:1)
  5 kobolds
  5 rats
70 creatures vanquished.

Vanquished Creatures (others)
  An orc (D:3)
  3 fungi (D:3)
  8 plants (D:3)
12 creatures vanquished.

Grand Total: 82 creatures vanquished

Notes
Turn   | Place    | Note
-------+----------+-------------------------------------------
     0 | D:1      | AarnesTheHuman the Gargoyle Earth Elementalist began the
                  | quest for the Orb.
     0 | D:1      | Reached XP level 1. HP: 10/10 MP: 3/3
   312 | D:1      | Found Urpha's Antique Armour Boutique.
   386 | D:1      | Reached skill level 4 in Earth Magic
   386 | D:1      | Reached XP level 2. HP: 11/15 MP: 0/5
   853 | D:1      | Reached XP level 3. HP: 19/19 MP: 6/6
  1014 | D:1      | Learned a level 3 spell: Stone Arrow
  1237 | D:2      | Reached skill level 1 in Conjurations
  1335 | D:2      | Reached XP level 4. HP: 24/24 MP: 5/8
  1432 | D:2      | Noticed Terence
  1437 | D:2      | Killed Terence
  1438 | D:2      | Reached skill level 5 in Earth Magic
  1798 | D:2      | Noticed Jessica
  2130 | D:3      | Noticed Robin
  2151 | D:3      | Killed Robin
  2211 | D:3      | Reached XP level 5. HP: 28/28 MP: 7/9
  2214 | D:3      | Noticed Natasha
  2227 | D:3      | Killed Natasha
  2589 | D:3      | Noticed Natasha
  2596 | D:3      | Killed Natasha
  2608 | D:3      | Found a faded altar of an unknown god.
  2610 | D:3      | Noticed Ijyb
  2663 | D:3      | Killed Ijyb
  2668 | D:3      | Noticed Natasha
  2670 | D:3      | Killed from afar by Natasha

Illustrated notes

Levels and vault maps discovered:
D:1:      minmay_arrival_widening_spiral_wide, layout_basic, serial_shops,
          nicolae_shop_behind_doors, hex_large
D:2:      layout_basic, kennysheep_jessica_study, uniq_terence
D:3:      layout_basic, shapermc_ecumenical_altar_mp_ritualfount, uniq_ijyb,
          uniq_natasha, uniq_robin

Skill      XL: |  1  2  3  4  5 |
---------------+----------------+-----
Earth Magic    | 4 5 |  5.6
Conjurations   | 1 2 4 |  4.0
Dodging        | |  1.5
Stealth        | |  2.1
Spellcasting   | |  2.7
Transmutations | |  0.7

Action                   |  1- 3 |  4- 6 || total
-------------------------+-------+-------++-------
Melee: Whip              |     2 |       ||     2
Throw: Dart              |     7 |     4 ||    11
       Stone             |       |     1 ||     1
 Cast: Sandblast         |    47 |    56 ||   103
Armor: Leather armour    |     4 |     7 ||    11
Dodge: Dodged            |     8 |     7 ||    15

Table legend: (Time is in decaauts)
 A = Elapsed time spent in this place.
 B = Non-inter-level travel time spent in this place.
 C = Inter-level travel time spent in this place.
 D = Time resting spent in this place.
 E = Time spent auto-exploring this place.
 F = Levels seen in this place.
 G = Mean time per level.
                   A        B        C        D        E       F      G
               +--------+--------+--------+--------+--------+-----+--------+
         Total |   2723 |   2611 |    112 |    430 |   1306 |   3 |  907.7 |
       Dungeon |   2723 |   2611 |    112 |    430 |   1306 |   3 |  907.7 |
               +--------+--------+--------+--------+--------+-----+--------+

Top non-repeatable levels by time:
     D:1: 1221 daAuts
     D:2: 925 daAuts
     D:3: 575 daAuts
